 Dungeon Crawl Stone Soup version 0.17.0-1-g61d176b (webtiles) character file.

1525419 septik the Invulnerable (level 27, 135/273 HPs)
             Began as a Minotaur Berserker on Nov 7, 2015.
             Was a Priest of Trog.
             Escaped with the Orb
             ... and 3 runes on Nov 8, 2015!
             The game lasted 06:48:16 (90271 turns).

septik the Invulnerable (Minotaur Berserker)       Turns: 90271, Time: 06:48:17

Health: 135/273    AC: 49    Str: 36    XL:     27
Magic:  11/11      EV: 30    Int:  4    God:    Trog [***...]
Gold:   5993       SH:  0    Dex: 12    Spells: 0 memorised, 26 levels left

rFire  . . .     SeeInvis .     G - +9 executioner's axe (antimagic)
rCold  + + .     Clarity  .     Y - +5 gold dragon armour
rNeg   . . .     SustAt   .     (shield currently unavailable)
rPois  +         Gourm    .     F - +2 hat
rElec  +         Spirit   .     B - +1 cloak of the Armoured One {*Drain rF- MR++ Slay+3}
rCorr  .         Warding  .     m - +2 pair of gloves {Dex+3}
rMut   +         Stasis   .     I - +2 pair of boots
MR     +++++                    a - amulet of resist mutation
Stlth  ..........               Q - ring "Ziysufa" {rElec MR+ AC+4 Stlth+}
                                P - ring of Shaolin {EV+8}

@: very slightly contaminated, almost entirely resistant to hostile
enchantments, extremely unstealthy
A: retaliatory headbutt, horns 2, repulsion field 1, cold resistance 1,
deterioration 1, spit poison 1, wild magic 1
a: Spit Poison, Berserk, Trog's Hand, Burn Spellbooks, Renounce Religion
0: Orb of Zot
}: 3/15 runes: decaying, serpentine, silver


You escaped.
You worshipped Trog.
Trog was most pleased with you.
You were not hungry.

You visited 9 branches of the dungeon, and saw 53 of its levels.
You visited 1 bazaar.
You also visited: Ice Cave and Volcano.

You collected 8399 gold pieces.
You spent 2406 gold pieces at shops.

Inventory:

Hand Weapons
 G - a +9 antimagic executioner's axe (weapon)
Armour
 m - a +2 pair of gloves of dexterity (worn)
 n - the +14 plate armour of Atheism {-Cast Dex+6 SInv}
   (You took it off a deep elf high priest on level 3 of the Elven Halls)

   It affects your dexterity (+6).
   It lets you see invisible.
   It prevents spellcasting.
 A - the +7 plate armour "Imosh" {-Tele rPois rF+++ rCorr}
   (You found it on level 2 of the Depths)

   It renders you almost immune to fire.
   It protects you from poison.
   It prevents most forms of teleportation.
   It protects you from acid and corrosion.
 B - the +1 cloak of the Armoured One (worn) {*Drain rF- MR++ Slay+3}
   (You found it on level 3 of the Elven Halls)

   It affects your accuracy and damage with ranged weapons and melee attacks
   (+3).
   It makes you vulnerable to fire.
   It affects your resistance to hostile enchantments.
   It causes draining when unequipped.
 F - a +2 hat (worn)
 I - a +2 pair of boots (worn)
 Y - a +5 gold dragon armour (worn)
Rods
 d - a +2 lightning rod (11/11)
   (You took it off a deep elf death mage on level 5 of the Vaults)
 g - a +0 rod of clouds (9/9)
   (You took it off a deep elf fighter on level 1 of the Elven Halls)
 T - a +5 rod of inaccuracy (12/12)
   (You took it off a deep elf annihilator on level 5 of the Vaults)
Jewellery
 a - an amulet of resist mutation (around neck)
 H - an uncursed ring of sustain attributes
 O - an uncursed ring of protection from fire
 P - the ring of Shaolin (left hand) {EV+8}
   (You found it on level 3 of the Elven Halls)

   [ring of evasion]

   It affects your evasion (+8).
 Q - the ring "Ziysufa" (right hand) {rElec MR+ AC+4 Stlth+}
   (You found it in an ice cave)

   [ring of protection]

   It affects your AC (+4).
   It insulates you from electricity.
   It affects your resistance to hostile enchantments.
   It makes you more stealthy.
Wands
 p - a wand of cold (11)
 x - a wand of fireball (10)
 U - a wand of disintegration (23)
 V - a wand of hasting (6)
Scrolls
 e - 4 scrolls of blinking
 h - 7 scrolls of recharging
 j - 28 scrolls of remove curse
 o - 14 scrolls of teleportation
 q - 15 scrolls of identify
 r - 5 scrolls of immolation
 z - 3 scrolls of fog
 C - 5 scrolls of magic mapping
 M - 9 scrolls of fear
Potions
 b - 5 potions of berserk rage
 i - 8 potions of agility
 k - 3 potions of invisibility
 l - a potion of haste
 t - 11 potions of curing
 v - 2 potions of cure mutation
 E - 3 potions of cancellation
 J - 6 potions of heal wounds
 L - 2 potions of brilliance
 R - 3 potions of might
 S - 2 potions of flight
Miscellaneous
 s - a phantom mirror
 w - a lamp of fire
 y - a stone of tremors
 N - a disc of storms
 W - a fan of gales
 X - a phial of floods
 Z - a box of beasts
Comestibles
 c - 14 bread rations
 f - 12 beef jerkies
 D - 26 fruits
 K - 10 meat rations


   Skills:
 O Level 27 Fighting
 - Level 19.8(20.1) Axes
 - Level 7.3(14.9) Maces & Flails
 O Level 27 Armour
 + Level 26.2 Dodging
   Level 7.0 Shields
 + Level 16.3 Evocations


You had 26 spell levels left.
You didn't know any spells.

Dungeon Overview and Level Annotations

Branches:
Dungeon (15/15)            Temple (0/1) D:5            Lair (8/8) D:10
  Swamp (4/4) Lair:4        Snake (4/4) Lair:3        Slime (0/6) Lair:7
    Orc (4/4) D:10            Elf (3/3) Orc:4        Vaults (5/5) D:13
  Crypt (0/3) Vaults:3     Depths (5/5) D:15            Zot (5/5) Depths:5

Altars:
Cheibriados
Dithmenos
Elyvilon
Fedhas
Gozag
Kikubaaqudgha
Makhleb
Sif Muna
Vehumet
Yredelemnul
Zin
The Shining One
Beogh
Jiyva

Shops:
D:5 *   D:14 :   Orc:2 %   Orc:4 !::   Vaults:5 }   Depths:2 %

Portals:
Hell: Depths:1 Depths:2 Depths:3 Depths:4 Depths:5
Abyss: Depths:2 Depths:3 Depths:4
Ziggurat: Depths:5
Trove: D:15 (give +5 demon whip)

Annotations:
D:14 exclusion: Roxanne, Roxanne
Depths:3 exclusion: orange crystal statue


Innate Abilities, Weirdness & Mutations

You reflexively headbutt those who attack you in melee.
You have a pair of horns on your head.
You are surrounded by a mild repulsion field (EV +2).
Your flesh is cold resistant.
Your body sometimes deteriorates upon taking damage.
You can spit weak poison.
Your spells are a little harder to cast, but a little more powerful.


Message History

There is a large open door here.
You enter the shallow water.
Moving in this stuff is going to be slow.
A blue devil comes into view.
You enter the shallow water.
Moving in this stuff is going to be slow.
Your extra speed is starting to run out.
The blue devil completely misses you. You furiously retaliate!
You headbutt the blue devil, but do no damage.
The blue devil completely misses you.
The blue devil swoops through the air toward you!
The blue devil barely misses you. You furiously retaliate!
You headbutt the blue devil, but do no damage.
There is a large open door here.
The blue devil misses you. You furiously retaliate!
You headbutt the blue devil, but do no damage.
There is a large open door here.
You feel yourself slow down.
There is a staircase leading out of the dungeon here.
You have escaped!

.#≈≈≈≈≈≈≈≈≈≈≈≈≈≈≈≈≈≈..##.##..####
.#≈..8..........8..≈..##.##..# #
..≈.##############.≈####.##..####
.#≈8#≈≈≈≈≈#.≈≈.#.#8≈# #.##......
.#≈.#≈...≈#.§≈.#.#.≈# #.##.#####
.#≈.#≈.#.≈#.≈≈.#.#.≈# #.##.# #
.#≈8#≈.#.≈#.≈≈.#.#.≈# #.##(# #
.#≈.#≈.#.≈#.≈≈.#.#.≈####.##.#####
....'..#..'....4@#.≈..##.##.÷>...
....2..#..'....'.#.≈#............
..≈.#≈.#.2#.≈≈.#.#.≈####.########
.A≈8#≈.#.≈#.≈≈.#.#.≈# ##.## #
..≈.#≈.#.≈#.≈≈.#.#.≈###...#######
.#≈.#≈2..≈#.≈≈§#.#.≈##.#.........
.#≈8#≈≈≈≈≈#.≈≈.#.#8≈###...##.####
.#≈.##############.≈# ##.##...###
)#≈..8.O........8..≈# #.##.#....


You could see a tormentor and a blue devil.

Vanquished Creatures
  5 orbs of fire
  5 ancient liches
  Sojobo (Vaults:2)
  Norris (D:13)
  3 curse toes
  2 Killer Klowns (Zot:5)
  14 golden dragons
  Nikola (Swamp:2)
  Jory (Vaults:3)
  Xtahua (Vaults:4)
  2 pandemonium lords
  3 electric golems
  Jorgrun (Swamp:4)
  16 tentacled monstrosities
  Rupert (Orc:2)
  3 liches
  27 Orb Guardians
  Asterion (Vaults:1)
  2 deep elf blademasters (Elf:3)
  7 titans
  A sphinx (Vaults:5)
  3 eldritch tentacles
  A quicksilver dragon (shapeshifter) (Vaults:5)
  An Executioner (D:2)
  Gastronok (Lair:3)
  4 thorn hunters
  3 shadow dragons (Vaults:5)
  Agnes (D:14)
  2 death cobs
  9 storm dragons
  11 tengu reavers
  11 greater nagas
  8 draconian monks
  8 fire giants
  Donald (D:12)
  A ghost moth (Zot:2)
  8 deep elf sorcerers
  2 draconian knights
  5 frost giants
  14 vault wardens
  4 draconian scorchers
  3 draconian zealots
  11 ironheart preservers
  3 draconian annihilators
  A spriggan defender (Depths:2)
  A war gargoyle (Vaults:5)
  7 draconian shifters
  17 stone giants
  19 very ugly things
  10 black draconians
  2 yellow draconians (Zot:4)
  14 green draconians
  6 draconian callers
  8 vampire knights
  13 deep elf annihilators
  8 deep elf demonologists
  7 mottled draconians
  2 corrupters (D:15)
  8 purple draconians
  11 dire elephants (Depths:1)
  9 white draconians
  11 red draconians
  13 ettins
  Snorg (Lair:3)
  A fire dragon (shapeshifter) (Depths:1)
  2 crystal guardians
  9 deep elf death magi
  27 vault guards
  6 deep elf high priests
  8 great orbs of eyes
  The ghost of UristPineapples the Grappler, a journeyman TrMo of Zin (Lair:1)
  5 jiangshi (Depths:1)
  22 fire dragons
  5 entropy weavers
  6 rakshasas
  18 ice dragons
  8 hydras
  20 naga warriors
  A hell beast (D:7)
  22 yaktaur captains
  A ghost crab (Swamp:4)
  Erolcha (Volcano)
  14 centaur warriors
  7 alligators
  A juggernaut simulacrum (Depths:3)
  A death yak (IceCv)
  3 spriggan air magi
  6 tengu warriors
  3 deep troll shamans
  13 anacondas
  13 dancing weapons
  11 ogre magi
  11 naga sharpshooters
  4 shock serpents
  5 orc high priests
  17 deep elf knights
  A titan zombie (Vaults:5)
  4 spriggan berserkers
  3 vampire magi
  10 deep troll earth magi
  Urug (D:15)
  2 soul eaters
  A shock serpent (shapeshifter) (Vaults:5)
  2 ice devils
  A fire crab (Lair:7)
  A titan skeleton (Vaults:5)
  12 skeletal warriors
  15 hell knights
  A spectral anaconda (Depths:3)
  6 salamander mystics
  A golden dragon zombie (Vaults:5)
  7 naga ritualists
  3 shadow wraiths
  8 sea snakes (Snake:2)
  5 unseen horrors
  14 ironbrand convokers
  3 giant orange brains
  A spriggan druid (Swamp:4)
  16 orc knights
  A spectral minotaur (Depths:3)
  3 death drakes
  3 swamp dragons
  3 shambling mangroves
  An orange crystal statue (Depths:3)
  8 flayed ghosts
  10 hill giants
  16 deep trolls
  8 deep elf summoners
  21 deep elf conjurers
  2 spectral hydras (Swamp:4)
  2 wolf spider zombies (D:15)
  9 phantasmal warriors
  72 ugly things
  3 lindwurms
  11 necromancers
  A cyclops (shapeshifter) (Depths:3)
  2 manticores (Elf:3)
  10 mana vipers
  6 wolf spiders
  A fire giant zombie (Depths:3)
  4 hornets
  A mana viper (shapeshifter) (Depths:1)
  An orc sorcerer (D:15)
  A salamander (shapeshifter) (Vaults:4)
  5 cyclopes
  8 griffons
  A sphinx skeleton (Vaults:2)
  24 elephants
  2 black mambas (shapeshifter)
  19 salamanders
  31 black mambas
  A spriggan zombie (Depths:3)
  3 frost giant skeletons
  2 guardian serpents (Snake:3)
  19 spiny frogs
  A fire giant skeleton (Vaults:5)
  An ice statue (IceCv)
  26 moths of wrath
  12 vault sentinels
  A gargoyle (D:14)
  38 naga magi
  2 spiny frogs (shapeshifter)
  2 orange demons (Elf:3)
  8 komodo dragons
  6 swamp worm zombies (Swamp:4)
  73 yaktaurs
  A yaktaur (shapeshifter) (Vaults:4)
  3 spectral merfolk (Depths:3)
  3 freezing wraiths
  5 tengu conjurers
  A queen bee (shapeshifter) (Vaults:3)
  A fire drake (Lair:5)
  A harpy zombie (D:14)
  6 kobold demonologists
  A guardian mummy (D:15)
  20 polar bears
  15 deep elf priests
  A tengu simulacrum (Vaults:2)
  5 hydra zombies (Swamp:4)
  A shadow dragon simulacrum (Vaults:5)
  3 wind drakes (Depths:5)
  A jumping spider (Depths:4)
  17 two-headed ogres
  4 raiju (Depths:3)
  10 giant leeches
  9 boulder beetles
  9 trolls
  9 bog bodies
  5 spectral swamp dragons (Swamp:4)
  36 slime creatures
  23 blink frogs
  2 alligator zombies (Swamp:4)
  A slime creature (shapeshifter) (Elf:1)
  A blue devil (D:4)
  A trapdoor spider (D:14)
  25 redbacks
  2 air elementals (Depths:2)
  32 deep elf magi
  2 human simulacra (Vaults:1)
  21 spriggans
  A salamander simulacrum (Vaults:3)
  3 vampires
  7 shadows
  7 water elementals
  A fire giant simulacrum (Vaults:4)
  2 tarantellas (Vaults:3)
  2 hippogriffs (shapeshifter)
  30 deep elf fighters
  4 basilisks
  19 vampire mosquitoes
  56 yaks
  16 humans
  2 mottled dragons
  6 wraiths
  3 yaktaur simulacra
  2 hungry ghosts
  A redback simulacrum (Vaults:2)
  A deep troll zombie (Vaults:5)
  11 wargs
  15 porcupines
  51 wolves
  13 insubstantial wisps
  2 small abominations (D:5)
  A mottled dragon (shapeshifter) (Depths:2)
  9 hippogriffs
  22 swamp worms
  52 nagas
  4 spectral spriggans
  A naga (shapeshifter) (Vaults:4)
  Duvessa (D:5)
  4 sky beasts
  7 swamp drakes
  11 ice beasts
  2 spectral trolls (Depths:3)
  20 water moccasins
  9 black bears
  46 orc warriors
  4 eyes of draining
  2 swamp dragon zombies (Swamp:4)
  7 hell hounds (Depths:3)
  25 wasps
  A necrophage (D:8)
  44 ogres
  9 boggarts
  2 black bears (shapeshifter)
  A hydra simulacrum (Depths:3)
  2 big kobolds
  9 phantoms
  35 centaurs
  22 crocodiles
  A brain worm (shapeshifter) (Depths:1)
  A giant frog (shapeshifter) (Depths:2)
  2 brain worms
  24 giant frogs
  3 elf zombies
  A wyvern zombie (D:10)
  A glowing shapeshifter simulacrum (Vaults:2)
  10 scorpions
  Dowan (D:5)
  A wyvern skeleton (D:15)
  16 killer bees
  3 spectral ogres (Depths:3)
  4 spectral nagas (Depths:3)
  6 crimson imps
  5 electric eels
  A troll skeleton (D:15)
  13 wights
  A spectral centaur (Depths:3)
  2 centaur zombies
  6 giant frog skeletons
  22 orc priests
  7 hounds
  25 orc wizards
  2 giant frog zombies
  A centaur skeleton (D:9)
  5 human zombies
  2 quasits
  7 jellies
  A spectral swamp drake (Swamp:4)
  14 iguanas
  6 human skeletons
  9 worker ants
  25 sheep
  A hound skeleton (D:5)
  2 mummies
  2 worker ant zombies
  8 gnolls
  A naga simulacrum (Depths:3)
  15 adders
  40 river rats
  2 shadow imps
  A white imp (Vaults:2)
  2 adder zombies
  A giant eyeball (Depths:3)
  An ooze (D:1)
  5 worms
  3 adder skeletons
  5 giant geckos
  208 orcs
  6 ball pythons
  7 bats
  9 goblins
  10 hobgoblins
  6 jackals (D:3)
  22 kobolds
  7 quokkas
  6 giant cockroaches
  A giant cockroach zombie (D:5)
  5 giant newts
  An orc zombie (D:15)
  2 rats (D:2)
  A spectral orc (D:7)
  A briar patch (Swamp:4)
  A bush (Depths:5)
  3 crawling corpses (Elf:3)
  8 fungi
  10 plants
2771 creatures vanquished.

Vanquished Creatures (collateral kills)
  2 juggernauts
  A bone dragon (Swamp:4)
  An Orb Guardian (Zot:5)
  A frost giant (IceCv)
  An ironheart preserver (Vaults:4)
  3 stone giants
  A war gargoyle (Vaults:5)
  A green draconian (Zot:5)
  5 hydras
  6 anacondas (Snake:3)
  5 dancing weapons (Elf:2)
  A deep troll earth mage (Depths:5)
  A hell knight (Depths:3)
  An orc knight (D:9)
  A deep troll (Depths:5)
  A shadow dragon zombie (Depths:3)
  A mana viper (Depths:3)
  5 black mambas (Snake:3)
  A rust devil (D:1)
  A spiny frog (Lair:2)
  A deep elf priest (Elf:2)
  A blue devil (D:5)
  2 polar bears
  A spriggan druid (Lair:8)
  A spriggan (Lair:8)
  3 yaks
  A hippogriff (Lair:8)
  11 wolves
  5 water moccasins (Snake:3)
  A black bear (Lair:8)
  An orc wizard (D:9)
  An adder (Snake:3)
  An orc (D:9)
  3 ball pythons (Snake:3)
73 creatures vanquished.

Vanquished Creatures (others)
  A yellow draconian (Zot:4)
  A purple draconian (Zot:3)
  A jiangshi (Depths:1)
  2 deep elf high priests
  An alligator (Swamp:4)
  2 dancing weapons (Vaults:5)
  A small abomination (Elf:3)
  A deep elf knight (Elf:2)
  A shambling mangrove (Swamp:4)
  A necromancer (Depths:3)
  A deep elf conjurer (Elf:1)
  A yaktaur (Depths:2)
  A polar bear (IceCv)
  A wind drake (Depths:5)
  A frost giant simulacrum (Vaults:5)
  2 vampires (Depths:3)
  A yak (IceCv)
  A deep elf fighter (Vaults:5)
  A naga (Snake:3)
  A boggart (Depths:1)
  A spectral centaur (Depths:3)
  An orc wizard (Orc:2)
  2 briar patches (Swamp:4)
  39 eldritch tentacle segments
  101 fungi
  A lost soul (Depths:3)
  99 plants
  8 toadstools (Swamp:3)
275 creatures vanquished.

Grand Total: 3119 creatures vanquished

Notes
Turn   | Place    | Note
--------------------------------------------------------------
     0 | D:1      | septik the Minotaur Berserker began the quest for the Orb.
     0 | D:1      | Reached XP level 1. HP: 19/19 MP: 0/0
   164 | D:1      | Reached XP level 2. HP: 27/27 MP: 1/1
   334 | D:1      | Reached skill level 4 in Axes
   463 | D:1      | Reached ** piety under Trog
   666 | D:2      | Reached XP level 3. HP: 25/33 MP: 2/2
  1273 | D:2      | Reached XP level 4. HP: 33/40 MP: 3/3
  1962 | D:3      | Reached skill level 5 in Axes
  2074 | D:3      | Reached XP level 5. HP: 27/47 MP: 4/4
  2092 | D:3      | Reached skill level 5 in Fighting
  2094 | D:3      | Reached *** piety under Trog
  2930 | D:4      | Reached XP level 6. HP: 56/56 MP: 5/5
  3127 | D:4      | Found a glowing golden altar of the Shining One.
  3299 | D:4      | Found a blossoming altar of Fedhas.
  3503 | D:4      | Reached skill level 6 in Axes
  3534 | D:4      | Noticed an ogre
  3542 | D:4      | Killed an ogre
  3808 | D:5      | Entered Level 5 of the Dungeon
  3837 | D:5      | Reached **** piety under Trog
  3978 | D:5      | Found Vexav's Assorted Antiques.
  3983 | D:5      | Bought a runed hat for 88 gold pieces
  4070 | D:5      | Reached XP level 7. HP: 49/63 MP: 6/6
  4170 | D:5      | Found a snail-covered altar of Cheibriados.
  4322 | D:5      | Noticed Dowan
  4329 | D:5      | Killed Dowan
  4329 | D:5      | Reached skill level 7 in Axes
  4335 | D:5      | Noticed Duvessa
  4348 | D:5      | Killed Duvessa
  4632 | D:5      | Found a radiant altar of Vehumet.
  4632 | D:5      | Found a deep blue altar of Sif Muna.
  4650 | D:5      | Found a staircase to the Ecumenical Temple.
  4714 | D:6      | Found a white marble altar of Elyvilon.
  4785 | D:6      | Found a shadowy altar of Dithmenos.
  5031 | D:6      | Found an opulent altar of Gozag.
  5303 | D:6      | Reached XP level 8. HP: 68/73 MP: 7/7
  5319 | D:6      | Reached skill level 5 in Armour
  5329 | D:6      | Reached skill level 8 in Axes
  5820 | D:7      | Reached skill level 5 in Dodging
  5849 | D:7      | Found a basalt altar of Yredelemnul.
  6419 | D:8      | Reached skill level 9 in Axes
  6511 | D:8      | Reached XP level 9. HP: 83/83 MP: 8/8
  6924 | D:9      | Found a runed door.
  6944 | D:9      | Noticed an orc knight
  6944 | D:9      | Noticed an orc knight
  6972 | D:9      | Killed an orc knight
  6972 | D:9      | Reached skill level 10 in Axes
  6985 | D:9      | Killed an orc knight
  6985 | D:9      | Reached skill level 10 in Fighting
  7319 | D:9      | Found a roughly hewn altar of Beogh.
  7845 | D:9      | Reached XP level 10. HP: 85/94 MP: 9/9
  7994 | D:9      | Reached ***** piety under Trog
  8149 | D:9      | Reached skill level 11 in Axes
  8794 | D:10     | Entered Level 10 of the Dungeon
  8941 | D:10     | Found a staircase to the Orcish Mines.
  9372 | D:10     | Found a staircase to the Lair.
  9565 | Lair:1   | Entered Level 1 of the Lair of Beasts
  9609 | Lair:1   | Reached skill level 12 in Axes
  9646 | Lair:1   | Noticed UristPineapples's ghost (journeyman TrMo)
  9683 | Lair:1   | Reached XP level 11. HP: 13/104 MP: 10/10
  9737 | Lair:1   | Found a frozen archway.
  9753 | IceCv    | Entered an ice cave
 10482 | IceCv    | Reached skill level 13 in Axes
 11537 | IceCv    | Noticed a death yak
 11537 | IceCv    | Noticed a frost giant
 11547 | IceCv    | Killed a death yak
 11547 | IceCv    | Reached XP level 12. HP: 102/115 MP: 11/11
 11554 | IceCv    | Killed a frost giant
 11896 | IceCv    | Got a vibrating copper ring
 11948 | IceCv    | Identified the ring "Ziysufa" {rElec MR+ AC+4 Stlth+} (You found it in an ice cave)
 12175 | Lair:1   | Killed UristPineapples's ghost
 12175 | Lair:1   | Reached skill level 10 in Armour
 12331 | Lair:1   | Reached skill level 14 in Axes
 13858 | Lair:2   | Noticed an eight-headed hydra
 13864 | Lair:2   | Killed a ten-headed hydra
 14274 | Lair:3   | Noticed Snorg
 14281 | Lair:3   | Killed Snorg
 14281 | Lair:3   | Reached skill level 10 in Dodging
 14497 | Lair:3   | Found a staircase to the Snake Pit.
 14511 | Lair:3   | Got a crystal whip
 14512 | Lair:3   | Identified the +9 whip of Mutilation {vamp, *Drain rN+++ MP-9 Dex+4} (You found it on level 3 of the Lair of Beasts)
 14625 | Lair:3   | Noticed Gastronok
 14632 | Lair:3   | Killed Gastronok
 15140 | Lair:3   | Reached XP level 13. HP: 122/125 MP: 12/12
 15144 | Lair:3   | Received a gift from Trog
 15499 | Lair:4   | Found a staircase to the Swamp.
 15509 | Lair:4   | Reached skill level 15 in Fighting
 15885 | Lair:4   | Reached skill level 5 in Maces & Flails
 18731 | Lair:7   | Found a dark tunnel.
 18759 | Volcano  | Entered a volcano
 18816 | Volcano  | Noticed Erolcha
 18822 | Volcano  | Killed Erolcha
 19305 | Lair:7   | Found a viscous altar of Jiyva.
 19305 | Lair:7   | Found a staircase to the Slime Pits.
 19798 | Lair:7   | Reached XP level 14. HP: 130/136 MP: 13/13
 19991 | Lair:8   | Entered Level 8 of the Lair of Beasts
 20052 | Lair:8   | Received a gift from Trog
 20052 | Lair:8   | Reached skill level 16 in Fighting
 20511 | Lair:8   | Reached ****** piety under Trog
 21609 | Lair:8   | Received a gift from Trog
 22818 | Lair:8   | Reached skill level 17 in Fighting
 23315 | Orc:1    | Entered Level 1 of the Orcish Mines
 23331 | Orc:1    | Found a radiant altar of Vehumet.
 23404 | Orc:1    | Received a gift from Trog
 23749 | Orc:1    | Found a roughly hewn altar of Beogh.
 24276 | Orc:2    | Found Plog's Food Boutique.
 24276 | Orc:2    | Noticed Rupert
 24292 | Orc:2    | Killed Rupert
 24623 | Orc:3    | Received a gift from Trog
 25137 | Orc:3    | Received a gift from Trog
 25519 | Orc:4    | Entered Level 4 of the Orcish Mines
 26016 | Orc:3    | Reached XP level 15. HP: 98/147 MP: 4/14
 26850 | Orc:4    | Found a staircase to the Elven Halls.
 26909 | Orc:4    | Received a gift from Trog
 27117 | Orc:4    | Found Duiz's Book Shop.
 27117 | Orc:4    | Found Dentep's Distillery.
 27119 | Orc:4    | Found Wutuiser's Assorted Antiques.
 27121 | Orc:4    | Found Etuakam's Book Boutique.
 27126 | Orc:4    | Bought a potion of beneficial mutation for 455 gold pieces
 27227 | Orc:4    | Gained mutation: Your flesh is cold resistant. [potion of beneficial mutation]
 27244 | Orc:4    | Bought a potion of mutation for 32 gold pieces
 27244 | Orc:4    | Bought a potion of haste for 130 gold pieces
 27244 | Orc:4    | Bought a potion of flight for 39 gold pieces
 28572 | D:13     | Found a gate to the Vaults.
 28572 | D:13     | Noticed Donald
 28572 | D:13     | Noticed Norris
 28579 | D:12     | Received a gift from Trog
 28616 | D:12     | Killed Donald
 28899 | D:13     | Reached skill level 15 in Armour
 28909 | D:13     | Killed Norris
 28909 | D:13     | Reached skill level 18 in Fighting
 30030 | D:14     | Noticed Agnes
 30036 | D:14     | Killed Agnes
 30445 | D:14     | Received a gift from Trog
 30786 | D:14     | Found a glowing silver altar of Zin.
 30854 | D:14     | Noticed Roxanne
 30924 | D:14     | Found Giukh's Book Emporium.
 31072 | D:15     | Entered Level 15 of the Dungeon
 31209 | D:15     | Found a burning altar of Makhleb.
 31458 | D:15     | Reached XP level 16. HP: 159/159 MP: 5/15
 31473 | D:15     | Reached skill level 15 in Dodging
 31817 | D:15     | Noticed Urug
 31835 | D:15     | Killed Urug
 32164 | D:15     | Reached skill level 19 in Fighting
 32195 | D:15     | Found a basalt altar of Yredelemnul.
 32328 | D:15     | Found a portal to a secret trove of treasure.
 32598 | D:15     | Found a staircase to the Depths.
 32943 | Swamp:1  | Entered Level 1 of the Swamp
 32972 | Swamp:1  | Reached skill level 1 in Shields
 34047 | Swamp:2  | Reached skill level 5 in Shields
 34079 | Swamp:2  | Received a gift from Trog
 34315 | Swamp:2  | Noticed Nikola
 34332 | Swamp:2  | Killed Nikola
 36329 | Snake:1  | Entered Level 1 of the Snake Pit
 36476 | Snake:1  | Received a gift from Trog
 37247 | Snake:1  | Reached XP level 17. HP: 166/168 MP: 7/16
 37586 | Snake:2  | Found a basalt altar of Yredelemnul.
 38354 | Snake:2  | Received a gift from Trog
 38413 | Snake:2  | Reached skill level 20 in Fighting
 39587 | Snake:3  | Received a gift from Trog
 40627 | Snake:3  | Found a runed gate.
 40627 | Snake:3  | Found a runed gate.
 40627 | Snake:3  | Found a runed gate.
 41376 | Swamp:4  | Entered Level 4 of the Swamp
 41623 | Swamp:4  | Got a ripped robe
 41647 | Swamp:4  | Reached XP level 18. HP: 171/178 MP: 8/17
 41814 | Swamp:4  | Received a gift from Trog
 42195 | Swamp:4  | Noticed a bone dragon
 42212 | Swamp:4  | Killed a bone dragon
 42851 | Swamp:4  | Got a decaying rune of Zot
 43316 | Swamp:4  | Noticed Jorgrun
 43365 | Swamp:4  | Killed Jorgrun
 43608 | Lair:1   | Identified the +2 robe of Spite {rPois rF+} (You found it on level 4 of the Swamp)
 43805 | Snake:3  | Reached skill level 15 in Axes
 43805 | Snake:3  | Reached skill level 1 in Evocations
 44017 | Snake:4  | Entered Level 4 of the Snake Pit
 45152 | Snake:4  | Received a gift from Trog
 46373 | Snake:4  | Received a gift from Trog
 46991 | Snake:4  | Got a serpentine rune of Zot
 47142 | Snake:4  | Reached XP level 19. HP: 167/180 MP: 6/20
 47629 | Vaults:1 | Entered Level 1 of the Vaults
 47661 | Vaults:1 | Received a gift from Trog
 47799 | Vaults:1 | Noticed Asterion
 47814 | Vaults:1 | Killed Asterion
 49368 | Vaults:2 | Reached skill level 5 in Evocations
 49390 | Vaults:2 | Found a flickering gateway to a bazaar.
 49391 | Vaults:2 | Noticed Sojobo
 49407 | Vaults:2 | Killed Sojobo
 49407 | Vaults:2 | Received a gift from Trog
 49421 | Bazaar   | Entered a bazaar
 49421 | Bazaar   | Found Nagusch's Antique Weapon Shop.
 49692 | Bazaar   | Found Uthrip's Distillery.
 49700 | Bazaar   | Bought a potion of heal wounds for 75 gold pieces
 49700 | Bazaar   | Bought a potion of resistance for 150 gold pieces
 49700 | Bazaar   | Bought a potion of curing for 45 gold pieces
 49700 | Bazaar   | Bought a potion of agility for 60 gold pieces
 49700 | Bazaar   | Bought a potion of cure mutation for 525 gold pieces
 49700 | Bazaar   | Bought a potion of curing for 45 gold pieces
 49700 | Bazaar   | Bought a potion of haste for 150 gold pieces
 49700 | Bazaar   | Bought a potion of might for 60 gold pieces
 49712 | Bazaar   | Found Tiesilag's Antique Armour Shop.
 49720 | Bazaar   | Bought a distressingly furry shield for 161 gold pieces
 49720 | Bazaar   | Bought a glowing plate armour for 391 gold pieces
 49725 | Bazaar   | Gained mutation: You can spit weak poison. [potion of beneficial mutation]
 49746 | Bazaar   | Identified the +2 shield of Baldness {rF+} (You bought it in a shop in a bazaar)
 50713 | Vaults:2 | Received a gift from Trog
 52444 | Vaults:3 | Noticed Jory
 52465 | Vaults:3 | Killed Jory
 52465 | Vaults:3 | Reached XP level 20. HP: 120/188 MP: 7/23
 52956 | Vaults:3 | Received a gift from Trog
 53269 | Vaults:3 | Got a bloodstained battleaxe {flame}
 53285 | Vaults:3 | Identified the +4 battleaxe "Mutos" {flame, rElec rN+} (You took it off a yaktaur on level 3 of the Vaults)
 53592 | Vaults:3 | Reached skill level 21 in Armour
 53976 | Vaults:3 | Received a gift from Trog
 54247 | Vaults:3 | Found a staircase to the Crypt.
 54247 | Vaults:3 | Found a basalt altar of Yredelemnul.
 54248 | Vaults:3 | Found an ancient bone altar of Kikubaaqudgha.
 55577 | Vaults:4 | Found a flickering gateway to a bazaar.
 55675 | Vaults:4 | Received a gift from Trog
 56537 | Vaults:4 | Noticed Xtahua
 56546 | Vaults:4 | Killed Xtahua
 56592 | Vaults:4 | Noticed a golden dragon
 56615 | Vaults:4 | Killed a golden dragon
 57200 | Depths:1 | Entered Level 1 of the Depths
 57607 | Depths:1 | Received a gift from Trog
 57620 | Depths:1 | Reached XP level 21. HP: 204/204 MP: 8/26
 57622 | Depths:1 | Found a gateway to Hell.
 59140 | Depths:1 | Got a pitted ring mail
 59151 | Depths:1 | Identified the +3 ring mail "Gaefotho" {rCorr SInv} (You found it on level 1 of the Depths)
 59872 | Depths:2 | Received a gift from Trog
 61432 | Depths:2 | Reached skill level 22 in Armour
 61432 | Depths:2 | Reached skill level 10 in Evocations
 61682 | Depths:2 | Noticed a juggernaut
 61690 | Depths:2 | Killed a juggernaut
 61726 | Depths:2 | Got a distressingly furry plate armour
 61754 | Depths:2 | Identified the +7 plate armour "Imosh" {-Tele rPois rF+++ rCorr} (You found it on level 2 of the Depths)
 61836 | Depths:2 | Received a gift from Trog
 61842 | Depths:2 | Got a bone battleaxe {god gift}
 61843 | Depths:2 | Identified the +2 battleaxe "Zetimide" {holy, +Inv rC+ SInv} (Trog gifted it to you on level 2 of the Depths)
 61888 | Depths:2 | Found Waefoptat's Food Boutique.
 61898 | Depths:2 | Found a one-way gate to the infinite horrors of the Abyss.
 62692 | Depths:4 | Reached XP level 22. HP: 146/213 MP: 9/28
 63437 | Depths:4 | Received a gift from Trog
 64669 | Depths:3 | Noticed an ancient lich
 64676 | Depths:3 | Killed an ancient lich
 64929 | Depths:3 | Received a gift from Trog
 66223 | Depths:3 | Received a gift from Trog
 66262 | Depths:3 | HP: 8/215 [mana viper (8)]
 67681 | Depths:5 | Entered Level 5 of the Depths
 68018 | Depths:5 | Found a gateway to a ziggurat.
 68117 | Depths:5 | Noticed a juggernaut
 68133 | Depths:5 | Killed a juggernaut
 68401 | Depths:5 | Received a gift from Trog
 68424 | Depths:5 | Reached skill level 23 in Armour
 68424 | Depths:5 | Reached XP level 23. HP: 170/224 MP: 9/31
 69848 | Depths:5 | Received a gift from Trog
 70479 | Depths:5 | Found a gate to the Realm of Zot.
 70944 | Depths:5 | Received a gift from Trog
 70961 | Depths:5 | Got a crystal broad axe {god gift}
 70962 | Depths:5 | Identified the +4 broad axe "Foxiset" {drain, *Noise rElec rC- Stlth+} (Trog gifted it to you on level 5 of the Depths)
 71571 | Elf:1    | Entered Level 1 of the Elven Halls
 71680 | Elf:1    | Gained mutation: Your spells are a little harder to cast, but a little more powerful. [potion of beneficial mutation]
 72882 | Elf:1    | Received a gift from Trog
 72894 | Elf:1    | Identified a +0 rod of clouds (9/9) (You took it off a deep elf fighter on level 1 of the Elven Halls)
 72896 | Elf:1    | Gained mutation: You are surrounded by a mild repulsion field (EV +2). [potion of beneficial mutation]
 72897 | Elf:1    | Gained mutation: You can spit poison. [potion of beneficial mutation]
 73855 | Elf:2    | Found a runed gate.
 73855 | Elf:2    | Found a runed gate.
 73855 | Elf:2    | Found a runed gate.
 74392 | Elf:3    | Entered Level 3 of the Elven Halls
 74627 | Elf:3    | Got a heavily runed cloak
 74638 | Elf:3    | Identified the +1 cloak of the Armoured One {*Drain rF- MR++ Slay+3} (You found it on level 3 of the Elven Halls)
 75112 | Elf:3    | Received a gift from Trog
 75654 | Elf:3    | Reached XP level 24. HP: 215/234 MP: 10/32
 75787 | Elf:3    | Got a translucent demon blade {venom}
 76395 | Elf:3    | Reached skill level 24 in Armour
 76423 | Elf:3    | Received a gift from Trog
 76430 | Elf:3    | Identified the cursed +2 demon blade "Killer Klown's Curse" {venom, rPois Stlth+} (You took it off a deep elf demonologist on level 3 of the Elven Halls)
 76434 | Elf:3    | Got a jewelled war axe {god gift}
 76436 | Elf:3    | Identified the +3 war axe "Xuhugg" {drain, Str+4 Int+3} (Trog gifted it to you on level 3 of the Elven Halls)
 76928 | Elf:3    | Got a smelly plate armour
 77471 | Lair:1   | Identified the +14 plate armour of Atheism {-Cast Dex+6 SInv} (You took it off a deep elf high priest on level 3 of the Elven Halls)
 78177 | Vaults:5 | Entered Level 5 of the Vaults
 78212 | Vaults:5 | Noticed an ancient lich
 78213 | Vaults:5 | Received a gift from Trog
 78721 | Vaults:5 | Got a dazzling ring mail
 79538 | Vaults:5 | Got a silver rune of Zot
 79845 | Vaults:5 | Identified the +2 ring mail "Ingucaskec" {Regen+ Str+2} (You found it on level 5 of the Vaults)
 80190 | Vaults:5 | Received a gift from Trog
 80256 | Vaults:5 | Reached XP level 25. HP: 231/246 MP: 10/32
 80362 | Vaults:5 | Noticed an ancient lich
 80372 | Vaults:5 | Killed an ancient lich
 80681 | Vaults:5 | Reached skill level 25 in Armour
 80899 | Vaults:5 | Received a gift from Trog
 80911 | Vaults:5 | Killed an ancient lich
 80911 | Vaults:5 | Reached skill level 15 in Evocations
 80931 | Vaults:5 | Found Omaicyde's Gadget Shoppe.
 81691 | Lair:1   | Identified a +5 rod of inaccuracy (12/12) (You took it off a deep elf annihilator on level 5 of the Vaults)
 81983 | Zot:1    | Entered Level 1 of the Realm of Zot
 82670 | Zot:1    | Noticed an orb of fire
 82684 | Zot:1    | Killed an orb of fire
 83688 | Zot:1    | Received a gift from Trog
 85114 | Zot:3    | Reached XP level 26. HP: 251/258 MP: 11/33
 85937 | Zot:3    | Reached skill level 26 in Armour
 86516 | Zot:4    | Received a gift from Trog
 87719 | Zot:5    | Entered Level 5 of the Realm of Zot
 88071 | Zot:5    | Noticed an orb of fire
 88083 | Zot:5    | Killed an orb of fire
 88182 | Zot:5    | Noticed an ancient lich
 88189 | Zot:5    | Noticed an orb of fire
 88208 | Zot:5    | Killed an orb of fire
 88211 | Zot:5    | Killed an ancient lich
 88213 | Zot:5    | Received a gift from Trog
 88696 | Zot:5    | Noticed an orb of fire
 88712 | Zot:5    | Killed an orb of fire
 88712 | Zot:5    | Reached skill level 27 in Armour
 88712 | Zot:5    | Reached XP level 27. HP: 248/271 MP: 11/33
 88970 | Zot:5    | Noticed an ancient lich
 88983 | Zot:5    | Killed an ancient lich
 89102 | Zot:5    | Reached skill level 27 in Fighting
 89329 | Zot:5    | Noticed an orb of fire
 89332 | Zot:5    | Gained mutation: You are clumsy. (Dex -2) [an orb of fire]
 89336 | Zot:5    | Gained mutation: You possess an exceptional clarity of mind. [an orb of fire]
 89346 | Zot:5    | Killed an orb of fire
 89488 | Zot:5    | Got the Orb of Zot
 89564 | Zot:4    | Gained mutation: Your body sometimes deteriorates upon taking damage. [a neqoxec]
 89736 | Depths:4 | Lost mutation: You possess an exceptional clarity of mind. [potion of cure mutation]
 89736 | Depths:4 | Lost mutation: You can spit poison. [potion of cure mutation]
 89736 | Depths:4 | Lost mutation: You are clumsy. (Dex -2) [potion of cure mutation]
 90038 | D:5      | Noticed Hyjoip the pandemonium lord
 90065 | D:5      | Noticed Koath the pandemonium lord
 90087 | D:5      | Killed Koath the pandemonium lord
 90113 | D:4      | Noticed Sibbeet the pandemonium lord
 90148 | D:3      | Noticed Piqituna the pandemonium lord
 90177 | D:2      | Killed Piqituna the pandemonium lord
 90271 | D:$      | Escaped with the Orb!

Action                   |  1- 3 |  4- 6 |  7- 9 | 10-12 | 13-15 | 16-18 | 19-21 | 22-24 | 25-27 || total
-------------------------+-------+-------+-------+-------+-------+-------+-------+-------+-------++-------
Melee: Hand axe          |    87 |   162 |   360 |    64 |       |       |       |       |       ||   673
       War axe           |       |       |       |   313 |       |       |       |       |       ||   313
       Battleaxe         |       |       |       |   165 |   693 |       |   195 |       |       ||  1053
       Executioner's axe |       |       |       |       |   441 |   346 |  1172 |  1536 |   888 ||  4383
       Whip              |       |       |       |       |       |  1881 |       |       |       ||  1881
Invok: Trog's Hand       |     1 |     1 |     5 |       |     1 |     6 |     6 |     7 |    15 ||    42
       Berserk           |       |     4 |     2 |     8 |     7 |     5 |    11 |     8 |    10 ||    55
       Burn Spellbooks   |       |       |     2 |     2 |     3 |     5 |     4 |     5 |     3 ||    24
       Brothers in Arms  |       |       |     1 |     8 |     5 |     3 |     3 |     8 |     9 ||    37
 Abil: Spit Poison       |       |       |       |       |       |       |     1 |       |       ||     1
Evoke: Wand              |       |       |       |       |       |       |     6 |       |     1 ||     7
       Lamp of fire      |       |       |       |       |       |       |       |       |     1 ||     1
       Phial of floods   |       |       |       |       |       |       |       |       |     1 ||     1
  Use: Scroll            |       |       |     3 |    10 |     9 |    16 |    13 |    18 |     9 ||    78
       Potion            |       |       |       |       |     1 |     2 |     4 |    13 |    10 ||    30
 Stab: Distracted        |     1 |       |       |       |       |     1 |       |     1 |       ||     3
       Sleeping          |       |     1 |       |     2 |     5 |       |       |       |       ||     8
       Confused          |       |       |       |       |       |       |       |       |     1 ||     1
  Eat: Chunk             |       |    14 |    15 |    30 |    53 |    37 |    48 |    46 |    12 ||   255
       Meat ration       |       |       |       |     1 |       |     3 |     2 |     1 |     6 ||    13
       Bread ration      |       |       |       |       |     2 |     1 |     1 |     3 |     1 ||     8
       Beef jerky        |       |       |       |       |     1 |     3 |       |       |     4 ||     8
       Pizza             |       |       |       |       |       |     1 |       |     2 |     3 ||     6
       Fruit             |       |       |       |       |       |     2 |     3 |     2 |     1 ||     8
       Royal jelly       |       |       |       |       |       |       |       |       |     1 ||     1
